 Dungeon Crawl Stone Soup version 0.23.1-37-gaa34b87 (console) character file.

Game seed: 18356318071998323167

326653 jt the Warrior (level 21, -5/181 HPs)
             Began as an Octopode Monk on Mar 24, 2019.
             Was an Initiate of Gozag.
             Killed from afar by a tengu reaver (35 damage)
             ... with a fireball
             ... on level 5 of the Vaults.
             The game lasted 03:32:04 (56908 turns).

jt the Warrior (Octopode Monk)                     Turns: 56908, Time: 03:32:04

Health: -5/181     AC:  4    Str: 17    XL:     21   Next: 65%
Magic:  34/34      EV: 32    Int: 15    God:    Gozag
Gold:   8380       SH: 21    Dex: 15    Spells: 26/29 levels left

rFire    + . .     SeeInvis +   y - +7 demon trident (vamp)
rCold    + + .     Gourm    .   m - +5 shield
rNeg     . . .     Faith    .   (helmet restricted)
rPois    +         Spirit   .   z - +3 amulet of reflection
rElec    +         Reflect  +   t - ring of poison resistance
rCorr    +         Harm     .   v - ring of resist corrosion
MR       +++..                  A - ring of protection from cold
Stlth    ++++......             C - ring "Ovuqimp" {MR+ EV+6}
HPRegen  0.00/turn              q - ring of protection from magic
MPRegen  0.24/turn              W - ring of see invisible
                                X - +3 ring of protection
                                J - +3 ring of evasion

@: resistant, gold aura, lightly drained, bribing [the Vaults]
A: almost no armour, stealthy swim, amphibious, 8 rings, constrict 8, camouflage
1, robust 1, inhibited regeneration, gelatinous body 1
}: 2/15 runes: decaying, gossamer
a: Potion Petition, Call Merchant, Bribe Branch, Renounce Religion


You were on level 5 of the Vaults.
You worshipped Gozag.
Gozag was greatly pleased with you.
You were not hungry.

You visited 7 branches of the dungeon, and saw 37 of its levels.
You also visited: Sewer.

You collected 18721 gold pieces.
You spent 1545 gold pieces at shops.
You paid 8796 gold pieces to Gozag.

Inventory:

Hand Weapons
 a - a +9 demon trident of flaming
 b - the +8 trident "Arcanum" {flame, rF+ MR+}
   (You found it on level 9 of the Dungeon)

   It has been specially enchanted to burn those struck by it, causing extra
   injury to most foes and up to half again as much damage against particularly
   susceptible opponents.
   It protects you from fire.
   It affects your resistance to hostile enchantments.
 y - a +7 vampiric demon trident (weapon)
 I - a +0 blowgun
Missiles
 d - 19 javelins (quivered)
 S - 16 tomahawks
 V - 14 curare-tipped needles
Armour
 m - a +5 shield (worn)
Jewellery
 q - a ring of protection from magic (on tentacle)
 t - a ring of poison resistance (left tentacle)
 v - a ring of resist corrosion (right tentacle)
 z - a +3 amulet of reflection (around mantle)
 A - a ring of protection from cold (on tentacle)
 C - the ring "Ovuqimp" (on tentacle) {MR+ EV+6}
   (You found it on level 10 of the Dungeon)

   [ring of evasion]

   It affects your evasion (+6).
   It affects your resistance to hostile enchantments.
 F - an uncursed ring of wizardry
 J - a +3 ring of evasion (on tentacle)
 P - an uncursed ring of flight
 W - a ring of see invisible (on tentacle)
 X - a +3 ring of protection (on tentacle)
Wands
 r - a wand of enslavement (13)
 s - a wand of polymorph (8)
 B - a wand of scattershot (4)
 D - a wand of iceblast (6)
 E - a wand of paralysis (36)
 M - a wand of digging (6)
 N - a wand of flame (40)
 O - a wand of acid (1)
Scrolls
 f - 12 scrolls of teleportation
 g - 9 scrolls of immolation
 i - 2 scrolls of blinking
 j - 18 scrolls of identify
 n - a scroll of fear
 p - 4 scrolls of fog
 u - 22 scrolls of remove curse
 x - 5 scrolls of magic mapping
 T - 4 scrolls of summoning
 Y - 2 scrolls of holy word
Potions
 c - 5 potions of ambrosia
 e - 4 potions of agility
 h - 5 potions of might
 l - 11 potions of curing
 w - 2 potions of resistance
 G - 4 potions of berserk rage
 H - 3 potions of haste
 R - 4 potions of lignification
Miscellaneous
 k - a phial of floods
 K - a lamp of fire (inert)
 L - a lightning rod (4/4)
 Q - a sack of spiders
Comestibles
 U - 18 rations


   Skills:
 + Level 20.3(20.0) Fighting
 - Level 14.0(13.6) Polearms
 - Level 3.6(3.4) Throwing
 + Level 13.9(13.6) Dodging
 - Level 6.0(5.8) Stealth
 - Level 15.0(14.6) Shields
 - Level 1.2(1.0) Unarmed Combat
 - Level 4.6(4.4) Spellcasting
 - Level 4.7(4.4) Summonings
 - Level 4.7(4.5) Necromancy
 - Level 4.8(4.5) Transmutations
 - Level 18.3(18.0) Evocations


You had 26 spell levels left.
You knew the following spells:

 Your Spells              Type           Power        Failure   Level  Hunger
a - Beastly Appendage     Tmut           ###...       2%          1    None
b - Animate Skeleton      Necr           N/A          2%          1    None
c - Summon Small Mammal   Summ           ###.         2%          1    None

Your spell library contained the following spells:

 Spells                   Type           Power        Failure   Level  Hunger
 Pain                     Necr           ###.         2%          1    None
 Summon Butterflies       Summ           ###.....     2%          1    None
 Call Imp                 Summ           ###.....     4%          2    ##.....
 Corpse Rot               Necr           N/A          4%          2    ##.....
 Sticks to Snakes         Tmut           ###.....     4%          2    ##.....
 Call Canine Familiar     Summ           ###.....     9%          3    ###....
 Vampiric Draining        Necr           ###.......   9%          3    ###....
 Apportation              Tloc           #.....       19%         1    None
 Flame Tongue             Conj/Fire      #....        19%         1    None
 Shock                    Conj/Air       #...         19%         1    None
 Regeneration             Chrm/Necr      ##........   22%         3    ###....
 Spider Form              Tmut/Pois      ##........   22%         3    ###....
 Summon Guardian Golem    Hex/Summ       ##......     22%         3    ###....
 Swiftness                Chrm/Air       #.......     26%         2    ##.....
 Throw Flame              Conj/Fire      #.....       26%         2    ##.....
 Ignite Poison            Fire/Tmut/Pois #.......     28%         3    ###....
 Animate Dead             Necr           N/A          28%         4    ####...
 Conjure Flame            Conj/Fire      #.......     47%         3    ###....
 Gell's Gravitas          Tloc           #.........   47%         3    ###....
 Inner Flame              Hex/Fire       #.......     47%         3    ###....
 Lesser Beckoning         Tloc           #.........   47%         3    ###....
 Static Discharge         Conj/Air       #.......     47%         3    ###....
 Stone Arrow              Conj/Erth      #.....       47%         3    ###....
 Tukima's Dance           Hex            #.......     47%         3    ###....
 Ice Form                 Ice/Tmut       ##......     56%         4    ####...
 Summon Ice Beast         Ice/Summ       ##......     56%         4    ####...
 Summon Lightning Spire   Summ/Air       ##......     56%         4    ####...
 Blade Hands              Tmut           ###.......   58%         5    ######.
 Airstrike                Air            #.........   87%         4    ####...
 Leda's Liquefaction      Hex/Erth       #.........   87%         4    ####...
 Sticky Flame             Conj/Fire      #.......     87%         4    ####...
 Alistair's Intoxication  Tmut/Pois      ##......     89%         5    ######.
 Irradiate                Conj/Tmut      ##........   89%         5    ######.
 Summon Forest            Summ/Tloc      ##........   89%         5    ######.
 Fireball                 Conj/Fire      #.........   99%         5    ######.
 Lightning Bolt           Conj/Air       #.........   99%         5    ######.
 Silence                  Hex/Air        #.........   99%         5    ######.
 Hydra Form               Tmut           ###.......   99%         6    #######
 Bolt of Fire             Conj/Fire      #.........   100%        6    #######
 Conjure Ball Lightning   Conj/Air       #.........   100%        6    #######
 Deflect Missiles         Chrm/Air       #.........   100%        6    #######
 Invisibility             Hex            #.......     100%        6    #######
 Statue Form              Tmut/Erth      ##.......    100%        6    #######
 Dragon Form              Tmut           ###.......   100%        7    #######
 Ring of Flames           Chrm/Fire      #.........   100%        7    #######
 Summon Hydra             Summ           ###.......   100%        7    #######
 Ignition                 Fire           #.........   100%        8    #######
 Tornado                  Air            #.........   100%        9    #######


Dungeon Overview and Level Annotations

Branches:
Dungeon (15/15)            Temple (1/1) D:5            Lair (6/6) D:11
  Swamp (4/4) Lair:4       Spider (4/4) Lair:3        Slime (0/5) Lair:5
    Orc (2/2) D:11            Elf (0/3) Orc:2        Vaults (5/5) D:13
  Crypt (0/3) Vaults:2     Depths (0/5) D:15

Altars:
Dithmenos
Elyvilon
Fedhas
Gozag
Kikubaaqudgha
Makhleb
Nemelex Xobeh
Okawaru
Qazlal
Ru
Trog
Uskayaw
Vehumet
Yredelemnul
Zin
The Shining One

Shops:
D:2 *   D:9 [   D:11 =   D:14 *   Orc:2 (*:[:   Lair:4 [   Vaults:2 ?
Vaults:3 }

Annotations:
Lair:4 2 runed translucent doors, DungeonDestroyer's ghost, journeyman MiFi
Swamp:4 Mara
Spider:4 Asterion
Vaults:3 1 runed translucent door, vishdafish's ghost, veteran OpFi


Innate Abilities, Weirdness & Mutations

You cannot wear most types of armour.
You are very stealthy in the water. (Stealth+)
You are amphibious.
You can wear up to eight rings at the same time.
You can use your tentacles to constrict eight enemies at once.
Your skin changes colour to match your surroundings (Stealth+).
Your rubbery body absorbs attacks. (AC +1, EV +1)
You are robust. (+10% HP)
You do not regenerate when monsters are visible.


Message History

You constrict the ancient lich, but do no damage.
You constrict the deep elf mage!
You kill the deep elf mage!
The fire elemental disappears in a puff of smoke! x3
The +0 mace of protection is engulfed in blazing flames.
The +0 mace of protection completely misses you.
The +1 vampiric halberd hits you from afar!!
* * * LOW HITPOINT WARNING * * *
The fire giant hits the tentacled monstrosity with a +2 great sword of flaming!!!
The fire giant burns the tentacled monstrosity!
The ancient lich touches you.
* * * LOW HITPOINT WARNING * * *
You feel drained.
The yaktaur is engulfed in blazing flames.
You kill the yaktaur!
Your tengu reaver points at the ancient lich and mumbles some strange words.
The fireball explodes!
The fireball engulfs the ancient lich.
The ancient lich resists.
The fireball engulfs you!! You resist.
You die...
Your body crumbles into a pile of gold.

##...##....#
#....p#....# ^.
.$...c#....# ...
.§§§#..$.##+9 $
§§§$..(...#
##########§(.^(...#####
.....§..§§$.$<<$.......
.(..(§pp§(.$<*$<....W..
.....°C$@§())Q<$$......
......Z§$L($$XC$.......
##########p..$$..(#####
....§.$$.......(.
..##.#.$..#°#.#. $
#.#....#L.p($
..#....#.#p## $ !.
#....# .# $ #....#


Q You could see an ironheart preserver, an ancient lich, a fire giant, a stone
giant, a necromancer (invisible), 2 dancing weapons, a vault sentinel skeleton,
a neutral vault guard, a neutral tentacled monstrosity, a friendly tengu reaver
and a friendly battlesphere.

Vanquished Creatures
  the Lernaean hydra (Swamp:4)
  Margery (Vaults:2)
  Bai Suzhen (Vaults:2)
  Jorgrun (D:14)
  2 sphinxes
  A storm dragon (Vaults:5)
  Kirke (D:12)
  A revenant (Vaults:2)
  6 frost giants
  A deep elf sorcerer (Vaults:2)
  8 emperor scorpions
  An orc warlord (Vaults:3)
  3 ghost moths (Spider:4)
  Aizul (Vaults:2)
  13 vault wardens
  Louise (D:15)
  13 ironheart preservers
  5 stone giants
  4 very ugly things
  A deep elf annihilator (Vaults:2)
  A dire elephant (D:15)
  A crystal guardian (Vaults:5)
  5 ettins
  An ettin (shapeshifter) (Vaults:4)
  A deep elf death mage (Vaults:2)
  5 fire dragons
  11 ogre magi
  Fannar (Lair:2)
  6 yaktaur captains
  9 vault guards (Vaults:5)
  5 ice dragons
  2 great orbs of eyes
  A shambling mangrove (Swamp:3)
  27 hydras
  A rakshasa (Vaults:3)
  3 centaur warriors
  The ghost of Qweef the Stinger, a novice TrVM of Yredelemnul (D:9)
  2 death knights
  3 tengu warriors
  11 alligators
  43 two-headed ogres
  3 deep troll earth magi
  4 deep troll shamans
  3 orc high priests (Vaults:3)
  Urug (Lair:5)
  A vampire mage (Vaults:2)
  2 deep elf knights (Vaults:2)
  Sonja (D:12)
  3 hell knights (Vaults:2)
  4 skeletal warriors
  A shadow wraith (Vaults:4)
  10 deep trolls
  11 swamp dragons
  2 spriggan druids
  2 unseen horrors
  A flayed ghost (Vaults:4)
  A glowing orange brain (Vaults:2)
  4 wizards
  2 deep elf archers
  8 harpies
  8 ironbrand convokers
  22 orc knights
  8 phantasmal warriors
  19 orb spiders
  2 necromancers (Vaults:2)
  29 wolf spiders
  An orb spider (shapeshifter) (Vaults:1)
  16 deep elf magi
  An oklob plant (Lair:5)
  15 cyclopes
  30 ugly things
  5 orc sorcerers
  5 manticores
  4 elephants (Lair:6)
  2 moths of wrath
  4 black mambas
  Psyche (D:10)
  11 vault sentinels
  A storm dragon simulacrum (Vaults:2)
  14 spiny frogs
  4 centaur skeletons
  3 gargoyles
  3 torpor snails
  4 rime drakes
  8 kobold demonologists
  28 yaktaurs
  2 efreet
  3 komodo dragons
  6 demonic crawlers
  8 freezing wraiths
  4 tengu conjurers
  20 jumping spiders
  11 trolls
  A jumping spider (shapeshifter) (D:13)
  11 hornets
  5 polar bears
  8 tyrant leeches
  8 blink frogs
  13 bog bodies
  4 dream sheep
  11 hippogriffs
  24 slime creatures
  A meliai zombie (D:10)
  48 redbacks
  18 spriggans
  4 shadows
  2 vampires
  51 yaks
  25 tarantellas
  6 wyverns
  4 wraiths
  2 basilisks
  A steam dragon (D:9)
  5 hungry ghosts
  23 vampire mosquitoes
  6 wargs
  A soldier ant (D:14)
  17 swamp worms
  11 insubstantial wisps (Swamp:3)
  11 porcupines
  10 water moccasins
  47 orc warriors
  4 ice beasts
  14 swamp drakes
  A hornet zombie (D:11)
  6 phantoms
  6 sky beasts
  7 black bears
  3 eyes of draining
  A necrophage (D:15)
  27 wolves
  14 centaurs
  33 ogres
  10 boggarts
  12 crocodiles
  28 bullfrogs
  15 big kobolds
  2 wyvern skeletons
  5 scorpions
  A water moccasin skeleton (D:4)
  10 killer bees
  6 wights
  2 electric eels
  5 howler monkeys
  A human simulacrum (Vaults:3)
  5 crimson imps
  2 bullfrog zombies
  9 centaur zombies
  3 quasits
  9 hounds
  4 jellies
  22 orc wizards
  22 orc priests
  2 bullfrog skeletons
  3 iguanas
  Natasha (twice) (D:3)
  13 worker ants
  A hound zombie (D:6)
  A hound skeleton (D:9)
  3 worker ant zombies
  A howler monkey skeleton (D:7)
  3 gnolls (D:3)
  6 adders
  5 shadow imps
  A white imp (Vaults:2)
  5 oozes
  2 adder skeletons (D:4)
  7 worms
  7 leopard geckos
  101 orcs
  4 ball pythons
  10 giant cockroaches
  9 goblins
  3 hobgoblins
  16 jackals
  20 kobolds
  3 quokkas
  14 bats
  5 frilled lizards
  A jackal skeleton (D:4)
  A leopard gecko skeleton (D:9)
  2 quokka skeletons
  5 rats
  A butterfly (Lair:1)
1496 creatures vanquished.

Vanquished Creatures (collateral kills)
  An ogre mage (Vaults:2)
  3 vault guards (Vaults:5)
  A great orb of eyes (Vaults:4)
  A death knight (Vaults:4)
  A two-headed ogre (Vaults:2)
  2 shadow wraiths (Vaults:4)
  A deep troll (Vaults:2)
  A deep elf archer (Vaults:4)
  An orc knight (Vaults:3)
  2 phantasmal warriors
  2 wolf spiders
  A moth of wrath (Spider:1)
  An ugly thing (Vaults:4)
  A vault sentinel (Vaults:4)
  A spiny frog (Lair:2)
  4 jumping spiders
  3 redbacks
  A tarantella (Spider:1)
  3 orc warriors
  An ogre (Vaults:2)
32 creatures vanquished.

Vanquished Creatures (others)
  2 ancient liches (Vaults:5)
  A lich (Vaults:4)
  A storm dragon (Vaults:5)
  A tengu reaver (Vaults:5)
  A fire giant (Vaults:5)
  A vault warden (Vaults:5)
  A deep elf elementalist (Vaults:5)
  2 ironheart preservers
  A war gargoyle (Vaults:5)
  Nessos (Lair:6)
  A deep elf annihilator (Vaults:4)
  2 ettins (Vaults:5)
  6 yaktaur captains
  3 ogre magi
  11 vault guards (Vaults:5)
  2 centaur warriors
  A deep troll (Vaults:4)
  4 two-headed ogres (Vaults:5)
  4 deep elf magi
  6 ironbrand convokers
  An ugly thing (Vaults:4)
  2 cyclopes
  2 vault sentinels
  22 yaktaurs
  A jumping spider (Spider:1)
  A redback (Spider:1)
  2 orc warriors
  A sky beast (D:7)
  4 ogres (Vaults:5)
  7 centaurs
  A hound (D:7)
  A jelly (D:7)
  A worker ant (D:12)
  2 orcs
  A jackal (D:7)
  9 fungi
  A plant (Swamp:4)
111 creatures vanquished.

Grand Total: 1639 creatures vanquished

Notes
Turn   | Place    | Note
-------+----------+-------------------------------------------
     0 | D:1      | jt the Octopode Monk began the quest for the Orb.
     0 | D:1      | Reached XP level 1. HP: 16/16 MP: 1/1
   157 | D:1      | Reached XP level 2. HP: 21/21 MP: 2/2
   760 | D:2      | Reached XP level 3. HP: 26/26 MP: 3/3
   913 | D:2      | Found Gozag's Platinum Reserve.
   915 | D:2      | Found an opulent altar of Gozag.
   935 | D:2      | Became a worshipper of Gozag Ym Sagoz the Greedy
   974 | D:2      | Found a hide-covered altar of Uskayaw.
  1533 | D:3      | Reached skill level 1 in Shields
  1540 | D:3      | Reached XP level 4. HP: 31/31 MP: 4/4
  1643 | D:3      | Found a stormy altar of Qazlal.
  2002 | D:3      | Noticed a bullfrog
  2038 | D:3      | Noticed Natasha
  2047 | D:3      | Killed Natasha
  2047 | D:3      | Reached skill level 5 in Polearms
  2047 | D:3      | Reached XP level 5. HP: 29/36 MP: 5/5
  2140 | D:3      | Found a blossoming altar of Fedhas.
  2440 | D:3      | Reached XP level 6. HP: 28/42 MP: 6/6
  2703 | D:3      | Noticed Natasha
  2734 | D:3      | Killed Natasha
  3210 | D:4      | Reached skill level 1 in Evocations
  3331 | D:4      | Found a sparkling altar of Nemelex Xobeh.
  3530 | D:4      | Found an iron altar of Okawaru.
  3609 | D:4      | Found a white marble altar of Elyvilon.
  3609 | D:4      | Found a bloodstained altar of Trog.
  3804 | D:5      | Entered Level 5 of the Dungeon
  3806 | D:5      | Found a staircase to the Ecumenical Temple.
  3815 | Temple   | Entered the Ecumenical Temple
  3834 | D:5      | Reached XP level 7. HP: 41/46 MP: 8/8
  3986 | D:5      | HP: 2/46 [sky beast (5)]
  4559 | D:5      | Found a sacrificial altar of Ru.
  5618 | D:6      | Learned a level 1 spell: Beastly Appendage
  5709 | D:6      | Found a glowing drain.
  5716 | Sewer    | Entered a sewer
  5724 | Sewer    | Reached XP level 8. HP: 43/52 MP: 11/11
  6475 | D:6      | Reached skill level 1 in Spellcasting
  6475 | D:6      | Reached skill level 1 in Transmutations
  7628 | D:7      | Noticed a hippogriff
  7959 | D:7      | HP: 2/54 [hippogriff (6)]
  7965 | D:7      | Killed a hippogriff
  7965 | D:7      | Reached skill level 4 in Fighting
  7965 | D:7      | Reached XP level 9. HP: 17/58 MP: 12/12
  8370 | D:7      | Reached skill level 5 in Shields
  9101 | D:8      | Noticed a two-headed ogre
  9394 | D:8      | Reached skill level 5 in Fighting
  9394 | D:8      | Reached skill level 5 in Dodging
  9394 | D:8      | Reached skill level 5 in Evocations
  9608 | D:8      | Noticed a two-headed ogre
 10327 | D:9      | Reached skill level 1 in Unarmed Combat
 11241 | D:7      | Reached XP level 10. HP: 49/68 MP: 14/14
 11760 | D:8      | Killed a two-headed ogre
 11760 | D:8      | Reached skill level 6 in Fighting
 11888 | D:8      | Killed a two-headed ogre
 12350 | D:9      | Found a transporter.
 12352 | D:9      | Noticed an orc knight
 12353 | D:9      | Noticed Qweef's ghost (novice TrVM)
 12355 | D:9      | Found a transporter.
 12608 | D:9      | HP: 3/69 [hippogriff (7)]
 13293 | D:9      | Got a polished trident
 13294 | D:9      | Identified the +8 trident "Arcanum" {flame, rF+ MR+} (You
                  | found it on level 9 of the Dungeon)
 13435 | D:10     | Entered Level 10 of the Dungeon
 13448 | D:10     | Noticed a cyclops
 13570 | D:10     | Noticed Psyche
 13574 | D:10     | Killed Psyche
 13759 | D:10     | Killed a cyclops
 13759 | D:10     | Reached skill level 7 in Fighting
 13759 | D:10     | Reached skill level 10 in Polearms
 13759 | D:10     | Reached XP level 11. HP: 75/75 MP: 16/16
 13874 | D:10     | Noticed a three-headed hydra
 14246 | D:9      | Gained mutation: You do not regenerate when monsters are
                  | visible. [potion of mutation]
 14246 | D:9      | Gained mutation: You tend to lose your temper in combat.
                  | [potion of mutation]
 14246 | D:9      | Gained mutation: Your muscles are strong. (Str +2) [potion
                  | of mutation]
 14260 | D:9      | Killed Qweef's ghost
 14266 | D:9      | Killed an orc knight
 14376 | D:10     | Killed a three-headed hydra
 15276 | D:10     | Got a bound brass ring
 15277 | D:10     | Identified the ring "Ovuqimp" {MR+ EV+6} (You found it on
                  | level 10 of the Dungeon)
 15380 | D:10     | Reached skill level 8 in Fighting
 15785 | D:11     | Noticed a cyclops
 15787 | D:11     | Noticed a cyclops
 15824 | D:11     | Killed a cyclops
 15824 | D:11     | Reached XP level 12. HP: 81/83 MP: 17/17
 16363 | D:11     | Found a staircase to the Lair.
 16369 | D:12     | Noticed Sonja
 16370 | D:12     | Killed Sonja
 16421 | D:11     | Found Kuf Uwk's Jewellery Shop.
 16425 | D:11     | Bought an uncursed ring of protection from magic for 375
                  | gold pieces
 16425 | D:11     | Bought an uncursed ring of see invisible for 225 gold
                  | pieces
 16427 | D:11     | Bought a +3 ring of protection for 315 gold pieces
 16511 | D:11     | Noticed a two-headed ogre
 16520 | D:11     | Killed a two-headed ogre
 16543 | Lair:1   | Entered Level 1 of the Lair of Beasts
 17064 | Lair:1   | Reached skill level 9 in Fighting
 17689 | Lair:2   | Reached skill level 1 in Throwing
 17759 | Lair:2   | Noticed Fannar
 17778 | Lair:2   | Killed Fannar
 18470 | Lair:2   | Reached XP level 13. HP: 90/90 MP: 18/18
 19349 | Lair:3   | Found a hole to the Spider Nest.
 19912 | Lair:3   | Found a basalt altar of Yredelemnul.
 20431 | Lair:4   | Reached skill level 10 in Shields
 20579 | Lair:4   | Learned a level 1 spell: Animate Skeleton
 20581 | Lair:4   | Learned a level 1 spell: Summon Small Mammal
 20913 | Lair:4   | Found a staircase to the Swamp.
 21061 | Lair:4   | Found a large runed translucent door.
 21061 | Lair:4   | Found a large runed translucent door.
 21071 | Lair:4   | Noticed DungeonDestroyer's ghost (journeyman MiFi)
 21503 | Lair:5   | Noticed Urug
 21505 | Lair:5   | Found a staircase to the Slime Pits.
 21513 | Lair:5   | Killed Urug
 22104 | Lair:5   | Reached skill level 10 in Fighting
 22223 | Lair:5   | Identified the +4 buckler "Wuumm" {rC- rN++} (You found it
                  | on level 5 of the Lair of Beasts)
 22703 | Lair:6   | Entered Level 6 of the Lair of Beasts
 22703 | Lair:6   | Noticed Nessos
 22706 | Lair:6   | Killed Nessos
 23198 | Lair:6   | Reached skill level 5 in Stealth
 23861 | Lair:6   | Reached XP level 14. HP: 99/99 MP: 20/20
 24303 | Lair:6   | Identified the Papyrus of Battle Magic and Translocation
 24694 | D:11     | Found a staircase to the Orcish Mines.
 24742 | Orc:1    | Entered Level 1 of the Orcish Mines
 24745 | Orc:1    | Noticed a stone giant
 24756 | Orc:1    | Reached skill level 11 in Fighting
 24759 | Orc:1    | Killed a stone giant
 24816 | Orc:2    | Entered Level 2 of the Orcish Mines
 24816 | Orc:2    | Found a staircase to the Elven Halls.
 24996 | Orc:2    | Found Eloocuyl's Book Shop.
 25007 | Orc:2    | Found Huqehid's Antique Armour Shop.
 25074 | Orc:2    | Reached skill level 10 in Evocations
 25438 | Swamp:1  | Entered Level 1 of the Swamp
 26235 | Swamp:1  | Identified a scroll of acquirement
 26246 | Swamp:1  | Reached skill level 12 in Fighting
 26264 | Swamp:1  | Got a dazzling buckler
 26275 | Swamp:1  | Identified the +0 buckler "Nimoeng" {MR+ Str+9} (You
                  | acquired it on level 1 of the Swamp)
 26386 | Swamp:1  | Reached XP level 15. HP: 108/108 MP: 23/23
 28215 | Swamp:3  | Identified the cursed +1 falchion of Awkwardness {flame,
                  | rF+} (You found it on level 3 of the Swamp)
 29320 | Swamp:3  | Reached skill level 13 in Fighting
 29374 | Swamp:4  | Entered Level 4 of the Swamp
 29880 | Swamp:4  | Noticed Mara
 30013 | Swamp:4  | Reached XP level 16. HP: 73/117 MP: 25/25
 30019 | Swamp:4  | Noticed the 27-headed Lernaean hydra
 30030 | Swamp:4  | Killed the 27-headed Lernaean hydra
 30896 | Swamp:4  | Got a decaying rune of Zot
 31264 | Spider:1 | Entered Level 1 of the Spider Nest
 32466 | D:11     | Reached skill level 14 in Fighting
 32656 | D:11     | Lost mutation: You tend to lose your temper in combat.
                  | [potion of mutation]
 32656 | D:11     | Lost mutation: Your muscles are strong. (Str +2) [potion of
                  | mutation]
 32656 | D:11     | Gained mutation: You are robust. (+10% HP) [potion of
                  | mutation]
 33423 | D:12     | Noticed Kirke
 33431 | D:12     | Killed Kirke
 33779 | D:13     | Found a gate to the Vaults.
 33816 | Vaults:1 | Entered Level 1 of the Vaults
 35007 | D:13     | Reached XP level 17. HP: 138/138 MP: 27/27
 36216 | D:13     | Reached skill level 15 in Shields
 36361 | D:14     | Reached skill level 15 in Fighting
 36572 | D:15     | Entered Level 15 of the Dungeon
 36690 | D:14     | Found Ocatoc's General Store.
 36699 | D:14     | Bought a potion of heal wounds for 70 gold pieces
 36703 | D:14     | Bought a phial of floods for 560 gold pieces
 36762 | D:14     | Noticed Jorgrun
 36772 | D:14     | Killed Jorgrun
 37387 | D:15     | Noticed Louise
 37420 | D:15     | Reached skill level 15 in Evocations
 37439 | D:15     | Killed Louise
 38409 | D:15     | Found a staircase to the Depths.
 39584 | Orc:2    | Found Ishraxt's Antique Weapon Shoppe.
 40786 | Orc:2    | Found Filahet's General Store.
 40814 | Orc:2    | Found Enilox's Book Shoppe.
 41417 | Orc:2    | Reached skill level 16 in Fighting
 42402 | Spider:1 | Reached XP level 18. HP: 146/148 MP: 30/30
 45738 | Spider:4 | Entered Level 4 of the Spider Nest
 46355 | Spider:4 | Noticed Asterion
 46820 | Spider:4 | Reached skill level 17 in Fighting
 47588 | Spider:4 | Got a gossamer rune of Zot
 48128 | Vaults:1 | Reached skill level 1 in Necromancy
 48135 | Vaults:1 | Reached skill level 1 in Summonings
 48524 | Vaults:1 | Reached XP level 19. HP: 158/158 MP: 31/31
 51123 | Vaults:2 | Reached skill level 18 in Fighting
 51185 | Vaults:2 | Reached XP level 20. HP: 139/168 MP: 33/33
 51192 | Vaults:2 | Noticed Bai Suzhen
 51271 | Vaults:2 | Killed Bai Suzhen
 51277 | Vaults:2 | Reached skill level 10 in Dodging
 51823 | Vaults:2 | Found Syqevoj's Magic Scroll Shoppe.
 52230 | Vaults:2 | Found a staircase to the Crypt.
 52556 | Vaults:2 | Noticed Aizul
 52633 | Vaults:2 | Killed Aizul
 52849 | Vaults:2 | Reached skill level 19 in Fighting
 53335 | Vaults:2 | Noticed Margery
 53364 | Vaults:2 | Killed Margery
 54196 | Vaults:3 | Reached XP level 21. HP: 46/178 MP: 34/34
 54739 | Vaults:3 | Found a runed translucent door.
 54741 | Vaults:3 | Noticed vishdafish's ghost (veteran OpFi)
 54857 | Vaults:3 | Found Lathif's Gadget Emporium.
 55695 | Vaults:4 | Reached skill level 20 in Fighting
 56784 | Vaults:5 | Entered Level 5 of the Vaults
 56817 | Vaults:5 | Noticed an ancient lich
 56820 | Vaults:5 | Noticed an ancient lich
 56833 | Vaults:5 | Noticed an ancient lich
 56857 | Vaults:5 | Killed an ancient lich
 56893 | Vaults:5 | Killed an ancient lich
 56908 | Vaults:5 | Killed from afar by a tengu reaver

Skill      XL: |  1  2  3  4  5  6  7  8  9 10 11 12 13 14 15 16 17 18 19 20 21 |
---------------+----------------------------------------------------------------+-----
Polearms       | 4 5 6 7 8 9 10 11 12 14 | 14.0
Shields        | 1 2 3 4 6 7 8 9 10 12 13 14 15 | 15.0
Evocations     | 2 4 5 7 8 10 12 14 16 17 18 | 18.3
Spellcasting   | 1 2 4 |  4.6
Transmutations | 1 2 4 |  4.8
Fighting       | 4 5 7 8 9 10 12 13 14 16 17 18 19 20 | 20.3
Dodging        | 4 5 7 8 9 12 13 | 13.9
Unarmed Combat | 1 |  1.2
Throwing       | 2 3 |  3.6
Stealth        | 6 |  6.0
Necromancy     | 1 4 |  4.7
Summonings     | 1 4 |  4.7

Action                   |  1- 3 |  4- 6 |  7- 9 | 10-12 | 13-15 | 16-18 | 19-21 || total
-------------------------+-------+-------+-------+-------+-------+-------+-------++-------
Melee: Spear             |    90 |   118 |   474 |       |       |       |       ||   682
       Constrict         |    14 |    23 |    62 |    46 |    77 |   193 |   139 ||   554
       Tentacles         |     8 |    26 |   113 |   101 |   161 |   346 |   385 ||  1140
       Trident           |       |       |    77 |   495 |   323 |   344 |       ||  1239
       Punch             |       |       |       |     2 |     5 |    15 |    16 ||    38
       Demon trident     |       |       |       |       |   721 |  1473 |  1620 ||  3814
       Kick              |       |       |       |       |       |       |    19 ||    19
 Fire: Hunting sling     |       |     5 |       |     6 |       |       |       ||    11
       Blowgun           |       |       |       |     2 |       |       |       ||     2
Throw: Stone             |     1 |    15 |    39 |    17 |     8 |       |       ||    80
       Tomahawk          |       |       |     3 |    32 |    23 |    26 |     5 ||    89
       Javelin           |       |       |       |    53 |    67 |    71 |    49 ||   240
 Cast: Summon Small Mamm |       |       |       |       |     1 |       |       ||     1
       Beastly Appendage |       |       |       |       |       |     1 |     1 ||     2
Invok: Potion Petition   |       |       |     1 |       |       |     1 |     1 ||     3
       Call Merchant     |       |       |       |     1 |       |     1 |       ||     2
       Bribe Branch      |       |       |       |       |       |       |     2 ||     2
Evoke: Wand              |       |       |    10 |    11 |     3 |    11 |    11 ||    46
       Lightning rod     |       |       |       |       |     4 |    11 |    11 ||    26
       Lamp of fire      |       |       |       |       |     1 |     2 |     5 ||     8
       Phial of floods   |       |       |       |       |       |     1 |     2 ||     3
       Sack of spiders   |       |       |       |       |       |     1 |       ||     1
       Phantom mirror    |       |       |       |       |       |       |     1 ||     1
  Use: Scroll            |       |     1 |    12 |     7 |    15 |     7 |     1 ||    43
       Potion            |       |       |     4 |    12 |     2 |     5 |    13 ||    36
 Stab: Sleeping          |    20 |     6 |    18 |     7 |    26 |    46 |    16 ||   139
       Distracted        |     1 |     1 |     6 |     7 |    14 |    24 |    23 ||    76
       Invisible         |       |       |       |     5 |       |       |       ||     5
       Held in net/web   |       |       |       |       |       |     5 |       ||     5
  Eat: Ration            |     1 |     1 |     9 |     7 |    11 |    19 |     8 ||    56
       Chunk             |     1 |       |       |       |       |       |       ||     1
Armor: Skin              |    10 |     2 |    15 |     4 |    13 |    23 |    17 ||    84
Dodge: Dodged            |    29 |    26 |   155 |   151 |   291 |   632 |   451 ||  1735
Block: Shield            |     5 |    19 |   183 |   230 |   522 |  1191 |   814 ||  2964
       Reflection        |       |       |       |     4 |    40 |    46 |    71 ||   161
